Cogmind - Beta 15 @@@ ROGUE MODE // 2025.06.01 @ 04:41:49 Player: Carpathian Result: Self-destructed Performance ------------- Evolutions (3) 1500 Regions Visited (4) 800 Robots Destroyed (22) 110 Value Destroyed (914) 914 Prototype IDs (3) 60 Alien Tech Used (0) 0 Bonus (81) 81 TOTAL SCORE: 3465 Bonus ------- Follower Combat Kills 81 Cogmind --------- Core Integrity 664/700 Matter 101/300 Energy 160/160 System Corruption 4% Temperature Cool (0) Movement Treading (170) Location -7/Factory Parts ------- > --- POWER (2) -------- Light Nuclear Core > --- PROPULSION (2) --- Armored Treads Armored Treads > --- UTILITY (7) ------ Improved Heat Sink Small Storage Unit Improved Terrain Scanner Targeting Computer Core Analyzer Hardened Medium Armor Plating Reflective Plating > --- WEAPON (2) ------- Heavy Assault Rifle Flak Gun > --- INVENTORY (8) ---- Light Nuclear Core Flak Gun Grenade Launcher Peak State ------------ > --- POWER ------------ Light Nuclear Core > --- PROPULSION ------- Armored Treads Armored Treads > --- UTILITY ---------- Improved Heat Sink Small Storage Unit Improved Terrain Scanner Targeting Computer Core Analyzer Hardened Medium Armor Plating Reflective Plating > --- WEAPON ----------- Heavy Assault Rifle Enhanced Autogun > --- INVENTORY -------- Light Nuclear Core Flak Gun Flak Gun Light Cannon Grenade Launcher [Rating: 34] Favorites ----------- Power Light Nuclear Core Engine Light Ion Engine Power Core Light Nuclear Core Propulsion Light Treads Treads Light Treads Utility Small Storage Unit Device Improved Terrain Scanner Storage Small Storage Unit Processor Targeting Computer Protection Reflective Plating Weapon Light Cannon Energy Gun Medium Laser Ballistic Gun Enhanced Autogun Ballistic Cannon Light Cannon Build | -11 -10 -10 -8 -7 ------- Run | Yrd Mat Sub Mat Fac Slots Evolved 6 | . . . 4 2 Power 1 | . . . . 1 Propulsion . | . . . . . Utility 5 | . . . 4 1 Weapon . | . . . . . Parts Attached 23 | 6 1 . 14 2 Power 3 | 1 . . 2 . Engine 1 | 1 . . . . Core 2 | . . . 2 . Reactor . | . . . . . Propulsion 6 | 2 . . 4 . Treads 6 | 2 . . 4 . Leg . | . . . . . Wheel . | . . . . . Hover . | . . . . . Flight . | . . . . . Utility 8 | 1 1 . 5 1 Device 2 | . . . 2 . Storage 2 | 1 1 . . . Processor 2 | . . . 1 1 Hackware . | . . . . . Protection 2 | . . . 2 . Artifact . | . . . . . Weapon 6 | 2 . . 3 1 Energy Gun 1 | 1 . . . . Energy Cannon . | . . . . . Ballistic Gun 4 | 1 . . 2 1 Ballistic Cannon 1 | . . . 1 . Launcher . | . . . . . Special Weapon . | . . . . . Impact Weapon . | . . . . . Slashing Weapon . | . . . . . Piercing Weapon . | . . . . . Special Melee Weapon . | . . . . . Unidentified Prototypes 1 | . . . 1 . Parts Lost . | . . . . . Power . | . . . . . Propulsion . | . . . . . Utility . | . . . . . Weapon . | . . . . . Highest Loss Streak . | . . . . . To Critical Strikes . | . . . . . Average Backups 4 | 1 3 7 5 4 Power . | . 1 1 . . Propulsion . | . 1 2 . . Utility . | . . . . . Weapon 3 | . 1 4 3 3 Tool/Special . | . . . . . Unused Backups 8 | . . . 5 3 Power 2 | . . . 1 1 Propulsion . | . . . . . Utility 1 | . . . 1 . Weapon 5 | . . . 3 2 Tool/Special . | . . . . . Average Slot Usage (%) 81 | . 85 85 72 91 Engine 3 | . 14 14 1 . Core 5 | . . . 7 7 Treads 19 | . 28 28 18 15 Device 8 | . . . 7 15 Storage 9 | . 14 14 9 7 Processor 7 | . . . 5 14 Protection 7 | . . . 5 15 Energy Gun 3 | . 14 14 1 . Ballistic Gun 9 | . 14 14 8 7 Ballistic Cannon 5 | . . . 8 6 Peak Build Rating 34 | 6 6 6 29 34 Average Rating 18 | 4 6 6 15 32 On Entrance 9 | . 6 6 6 29 Naked Turns . | . . . . . Heaviest Build 87 | 12 87 12 30 31 Greatest Support 40 | 40 40 40 40 40 Greatest Overweight (x) 2 | . 2 . . . Average Overweight (x) . | . . . . . Largest Inventory Capacity 25 | 8 25 8 8 8 Average Capacity 8 | 7 8 8 8 8 Most Carried 8 | 2 7 7 8 5 Average Carried 4 | 1 3 7 5 4 Final Capacity 8 | 8 8 8 8 8 Final Carried 7 | 2 7 7 4 3 Class Distribution -------------------- 96% | Mutant 3% | Scavenger-Mutant Dominant Class ---------------- Mutant | -10/Materials Mutant | -10/Subcaves Mutant | -8/Materials Mutant | -7/Factory Resources | -11 -10 -10 -8 -7 ----------- Run | Yrd Mat Sub Mat Fac Matter Collected 747 | 218 43 . 401 85 Remotely . | . . . . . Salvage Created 851 | . 43 . 531 277 Parts 45 | . 5 . 26 14 Haulers Intercepted . | . . . . . Recyclers Shooed 1 | . . . 1 . Parts Field Recycled . | . . . . . Retrieved Matter . | . . . . . Parts Self-Destructed 5 | . . 5 . . Prevented . | . . . . . Kills | -11 -10 -10 -8 -7 ------- Run | Yrd Mat Sub Mat Fac Combat Hostiles Destroyed 20 | . 3 . 12 5 Guns 10 | . 3 . 4 3 Cannons 10 | . . . 8 2 Classes Destroyed 7 | . 1 . 3 3 Builder 1 | . . . . 1 Watcher 1 | . . . . 1 Swarmer 3 | . 3 . . . Grunt 7 | . . . 7 . Sentry 7 | . . . 4 3 Hunter 2 | . . . 1 1 Programmer 1 | . . . . 1 Best Kill Streak 3 | . 3 . 3 2 Combat Bots Only 3 | . 3 . 3 1 Max Kills in Single Turn 2 | . 1 . 2 1 Gunslinging . | . . . . . Exploded . | . . . . . Melee . | . . . . . Uniques/NPCs Destroyed . | . . . . . Combat | -11 -10 -10 -8 -7 -------- Run | Yrd Mat Sub Mat Fac Hostile Shots Fired 185 | . 19 . 64 102 Missed 68 | . 4 . 19 45 Hits 117 | . 15 . 45 57 Projectile 117 | . 15 . 45 57 Critical Strikes 5 | . 1 . 3 1 Damage Taken 1228 | . 117 . 636 475 Core 116 | . 16 . 64 36 Absorbed by Shields . | . . . . . Ignored by Resistances 75 | . . . 52 23 Core Remaining (%) 93 | 100 . 93 88 . Volleys Fired 72 | . 8 . 39 25 Largest 2 | . 2 . 2 2 Hottest 80 | . 70 . 80 55 Shots Fired 144 | . 16 . 78 50 Gun 83 | . 16 . 42 25 Cannon 61 | . . . 36 25 Launcher . | . . . . . Special . | . . . . . Kinetic 124 | . 8 . 66 50 Thermal 20 | . 8 . 12 . Explosive . | . . . . . Electromagnetic . | . . . . . Robot Hit Streak 14 | . 2 . 8 14 Robot Miss Streak 4 | . 4 . 3 2 Penetration Max . | . . . . . Secondary Targets 3 | . 2 . 1 . Max Gunslinging Chain 1 | . 1 . 1 . Shots Hit Robots 100 | . 7 . 53 40 Core Hits 45 | . 3 . 26 16 Critical Kills 1 | . . . 1 . Critical Parts Destroyed . | . . . . . Critical Strikes 4 | . . . 3 1 Burn 1 | . . . 1 . Destroy 1 | . . . 1 . Blast 2 | . . . 1 1 Melee Attacks . | . . . . . Impact . | . . . . . Slashing . | . . . . . Piercing . | . . . . . Sneak Attacks . | . . . . . Combat Hostiles . | . . . . . Follow-up Attacks . | . . . . . Damage Inflicted 1732 | . 92 . 901 739 Guns 920 | . 92 . 407 421 Cannons 812 | . . . 494 318 Explosions . | . . . . . Melee . | . . . . . Ramming . | . . . . . Kinetic 1619 | . 55 . 825 739 Thermal 113 | . 37 . 76 . Explosive . | . . . . . Electromagnetic . | . . . . . Impact . | . . . . . Slashing . | . . . . . Piercing . | . . . . . Highest Corruption 4 | . . . . 4 Average Corruption 1 | . . . . 1 Corruption Purged . | . . . . . Corruption Blocked . | . . . . . Effects 5 | . . . . 5 Message Errors 2 | . . . . 2 Matter Fused 2 | . . . . 2 Data Loss (minor) 1 | . . . . 1 Overload Shots . | . . . . . Overflow Damage . | . . . . . Projectiles . | . . . . . Explosions . | . . . . . Melee . | . . . . . Knockbacks 8 | . . . 6 2 Impact . | . . . . . Kinetic 8 | . . . 6 2 Secondary . | . . . . . Self-Inflicted Damage . | . . . . . Shots . | . . . . . Rammed . | . . . . . Targets Rammed . | . . . . . Kicked . | . . . . . Crushed . | . . . . . Highest Temperature 408 | . 72 . 408 6 Average Temperature 89 | . 37 . 103 6 Received Heat Transfer 456 | . . . 378 78 Siege Activations . | . . . . . Martial Activations . | . . . . . Shielding Activations . | . . . . . Robots Disrupted . | . . . . . Combat Hostiles . | . . . . . Robots Corrupted . | . . . . . Combat Hostiles . | . . . . . Parts Fried . | . . . . . Impact Corruptions . | . . . . . Robots Melted . | . . . . . Combat Hostiles . | . . . . . Parts Melted . | . . . . . Heat Transferred 407 | . 111 . 296 . Parts Sabotaged . | . . . . . Parts Stolen . | . . . . . Parts Stripped . | . . . . . Power Chain Reactions . | . . . . . Alert | -11 -10 -10 -8 -7 ------- Run | Yrd Mat Sub Mat Fac Maximum Alert Level . | . . . . . Low Security (%) 100 | 100 100 . 100 100 Level 1 . | . . . . . Level 2 . | . . . . . Level 3 . | . . . . . Level 4 . | . . . . . Level 5 . | . . . . . High Security . | . . . . . Max Security . | . . . . . Peak Influence 86 | . 60 . 86 54 Initial 35 | . . . . 35 Average 22 | . 13 . 28 23 Influence Increases 661 | . 72 . 315 274 Destroy 0b10 Robot/C 440 | . 60 . 240 140 Destroy 0b10 Robot/NC 10 | . . . . 10 Destroy Leader 152 | . 10 . 70 72 Allied During Kill 10 | . . . . 10 Successful Hack 34 | . 2 . 5 27 Disable Machine 15 | . . . . 15 Influence Decreases 631 | . 72 . 238 321 Entered New Map 42 | . . . . 42 Time Decay 549 | . 72 . 238 239 Lost Ally 40 | . . . . 40 Squads Dispatched 7 | . . . 1 6 Investigation 2 | . . . . 2 Extermination 1 | . . . . 1 Reinforcement 1 | . . . 1 . Assault . | . . . . . Garrison 3 | . . . . 3 Intercept . | . . . . . Searches Triggered . | . . . . . Construction Impeded . | . . . . . Haulers Reinforced . | . . . . . Active Scanning Responses . | . . . . . Cargo Convoy Interrupts . | . . . . . Stealth | -11 -10 -10 -8 -7 --------- Run | Yrd Mat Sub Mat Fac Distress Signals 1 | . . . 1 . Communications Jammed . | . . . . . Distress Signals . | . . . . . Times Spotted 27 | . 3 . 16 8 Peak Tracking Total 4 | . 3 . 4 1 Tactical Retreats . | . . . . . Traps | -11 -10 -10 -8 -7 ------- Run | Yrd Mat Sub Mat Fac Traps Triggered 1 | . . . . 1 Indirectly . | . . . . . Trap Hack Attempts . | . . . . . Triggered . | . . . . . Disarmed . | . . . . . Reprogrammed . | . . . . . Reused . | . . . . . Traps Extracted . | . . . . . Installed . | . . . . . Triggered . | . . . . . Machines | -11 -10 -10 -8 -7 ---------- Run | Yrd Mat Sub Mat Fac Machines Disabled 1 | . . . . 1 Max in Single Turn . | . . . . . Machines Repaired . | . . . . . Machines Dismantled . | . . . . . Machines Sabotaged . | . . . . . Overloaded Fab Kills . | . . . . . Hacking | -11 -10 -10 -8 -7 --------- Run | Yrd Mat Sub Mat Fac Machines Accessed 8 | . 2 . 4 2 Terminals 5 | . 2 . 3 . Fabricators 1 | . . . . 1 Repair Stations . | . . . . . Recycling Units 1 | . . . 1 . Scanalyzers . | . . . . . Garrison Access 1 | . . . . 1 Total Hacks 16 | . 4 . 7 5 Successful 9 | . 3 . 4 2 Failed 7 | . 1 . 3 3 Catastrophic 1 | . . . 1 . Database Lockouts . | . . . . . Manual . | . . . . . Terminals 9 | . 4 . 5 . Fabricators 3 | . . . . 3 Repair Stations . | . . . . . Recycling Units 2 | . . . 2 . Scanalyzers . | . . . . . Garrison Access 2 | . . . . 2 Terminal Hacks 6 | . 3 . 3 . Record 2 | . 2 . . . Prototype ID Bank 1 | . 1 . . . Locate Traps 1 | . . . 1 . Assault Status 1 | . . . 1 . Zone Layout 1 | . . . 1 . Fabricator Hacks 2 | . . . . 2 Network Status 1 | . . . . 1 Build 1 | . . . . 1 Repair Station Hacks . | . . . . . Recycling Unit Hacks 1 | . . . 1 . Report Inventory 1 | . . . 1 . Scanalyzer . | . . . . . Garrison Access Hacks . | . . . . . Unauthorized Hacks . | . . . . . Terminals . | . . . . . Fabricators . | . . . . . Repair Stations . | . . . . . Recycling Units . | . . . . . Scanalyzers . | . . . . . Garrison Access . | . . . . . Data Cores Recovered . | . . . . . Used . | . . . . . Hacking Detections 4 | . 1 . 1 2 Full Trace Events 3 | . . . 1 2 Feedback Events 1 | . . . . 1 Corruption 1 | . . . . 1 Feedback Blocked . | . . . . . Robot Schematics Acquired . | . . . . . Robots Built 2 | . . . . 2 Authchips . | . . . . . Time 38 | . . . . 38 Total Robot Build Rating 6 | . . . . 6 Part Schematics Acquired . | . . . . . Parts Built . | . . . . . Authchips . | . . . . . Time . | . . . . . Total Part Build Rating . | . . . . . Parts Repaired . | . . . . . Time . | . . . . . Parts Recycled . | . . . . . Recycled Matter . | . . . . . Retrieved Matter . | . . . . . Retrieved Components . | . . . . . Parts Scanalyzed . | . . . . . Part Schematics Acquired . | . . . . . Parts Damaged . | . . . . . Bothacking | -11 -10 -10 -8 -7 ------------ Run | Yrd Mat Sub Mat Fac Used RIF Installer . | . . . . . Robots Hacked . | . . . . . Non-combat . | . . . . . Combat . | . . . . . Robot Hacks Applied . | . . . . . Relay Couplers Released . | . . . . . Fabnet Peak Effective % . | . . . . . Robots Rewired . | . . . . . Allies Hacked . | . . . . . Hacks Repelled . | . . . . . Allies | -11 -10 -10 -8 -7 -------- Run | Yrd Mat Sub Mat Fac Total Allies 2 | . . . . 2 Largest Group 2 | . . . . 2 Highest-Rated Group 42 | . . . . 42 Highest-Rated Ally 21 | . . . . 21 Total Orders . | . . . . . Ally Attacks 14 | . . . . 14 Total Damage 269 | . . . . 269 Kills 2 | . . . . 2 Allies Corrupted . | . . . . . Allies Melted . | . . . . . Intel | -11 -10 -10 -8 -7 ------- Run | Yrd Mat Sub Mat Fac Active Infowar (turns) 1230 | . . . 615 615 Terrain 1230 | . . . 615 615 Robot Analysis Total . | . . . . . Derelict Logs Recovered . | . . . . . Drone Launches . | . . . . . Drone Recoveries . | . . . . . Exploration | -11 -10 -10 -8 -7 ------------- Run | Yrd Mat Sub Mat Fac Turns Passed 1911 | 95 324 47 830 615 Spaces Moved 984 | 59 179 30 416 300 Core 11 | 11 . . . . Treads 973 | 48 179 30 416 300 Legs . | . . . . . Wheels . | . . . . . Hover . | . . . . . Flight . | . . . . . Fastest Speed 50 | 50 160 160 160 170 Average Speed 162 | 139 161 160 161 170 Slowest Speed 320 | 160 320 160 170 170 Overloaded Moves . | . . . . . Propulsion Burnouts . | . . . . . Robots Hopped . | . . . . . Potential Cave-ins . | . . . . . Cave-ins Triggered . | . . . . . Exploration Rate (%) 14 | 4 27 3 30 6 Regions Visited 4 Branch Regions 1 Pre-discovered Areas . | . . . . . Known Exits Taken . | . . . . . Unknown Exits Taken 4 | 1 1 1 1 . Scrap Searched . | . . . . . Spaces Dug . | . . . . . Terrain Destroyed . | . . . . . Melee . | . . . . . Projectile . | . . . . . AOE . | . . . . . Terrain Rammed . | . . . . . Walls Destroyed . | . . . . . Machines Disabled . | . . . . . Actions | -11 -10 -10 -8 -7 --------- Run | Yrd Mat Sub Mat Fac Total 1174 | 72 198 29 510 365 Wait 49 | . 1 . 15 33 Move 980 | 58 178 29 415 300 Hop . | . . . . . Pick Up 31 | 8 7 . 14 2 Fast Attach 1 | . . . 1 . Attach 11 | 6 . . 4 1 Detach . | . . . . . Swap 13 | . 2 . 9 2 Drop 17 | . 2 . 13 2 Fire 72 | . 8 . 39 25 Melee . | . . . . . Ram . | . . . . . Kick . | . . . . . Crush . | . . . . . Escape Stasis . | . . . . . Rewire . | . . . . . Trap . | . . . . . Miscellaneous . | . . . . . Route ------- -11/Scrapyard -10/Materials (discovered 2 exits: [*Mat] / [*Sub]) -10/Subcaves -8/Materials (discovered 2 exits: *Fac / [Sto]) -7/Factory History --------- Turn | Location | Event 6 | -11/Scrapyard | Discovered new exit (range 16) 96 | -11/Scrapyard | Entered Materials 97 | -10/Materials | Met a group of wandering Federalists 255 | -10/Materials | Discovered new exit (range 3) 266 | -10/Materials | Discovered new exit (range 7) 307 | -10/Materials | Build established: Mutant 420 | -10/Materials | Entered Subcaves 421 | -10/Subcaves | Continued accompanying wandering Federalists (5) 451 | -10/Subcaves | Discovered new exit (range 6) 467 | -10/Subcaves | Entered Materials 467 | -8/Materials | Evolved 4 slots: Utility x4 1266 | -8/Materials | Discovered new exit (range 6) 1266 | -8/Materials | Discovered new exit (range 15) 1297 | -8/Materials | Entered Factory 1297 | -7/Factory | Evolved 2 slots: Power x1, Utility x1 1443 | -7/Factory | Fabricated H-55 Commando (x2) 1912 | -7/Factory | Self-destructed Last Messages --------------- 01805_ H-55 Commando knocked back. 01806_ Penetrated by Slug. 01808_ U-05 Engineer destroyed. 01810_ H-55 Commando destroyed. 01822_ K-01 Serf collects debris. 01835_ K-01 Serf destroyed. 01843_ K-01 Serf collects debris. 01846_ Y-54 Guardian destroyed. 01846_ K-01 Serf collects debris. 01852_ Dropped Enh. Autogun. 01852_ K-01 Serf collects debris. 01853_ Dropped Lgt. Cannon. 01855_ K-01 Serf collects debris. 01858_ Triggered Shock Trap. 01858_ The floor emits a surge of raw power. 01858_ System corrupted (+2). 01859_ K-01 Serf collects debris. 01873_ U-05 Engineer lays Concrete. 01878_ System corrupted: Matter fused (-6). 01909_ System corrupted: Matter fused (-5). Map ----- +----------------------------------------------------+ | ?? ??????? ????? ?? ??????????????????# | | ?? ??#??????? ??????????????? ??????#??# ##### | | ?????#?????????????? ? ???????????????## #???? | | ???### ???? ??????"? ??????????????????# ###?? | | ??## ???######???? ????????#???????#?# #???# | | ???# ???# !! #??""????##????#?#??????# #?#?? | | ???? ??## !! #????????#??#?#?#???#?#?# ##??? | | ????? ??# ! #?? ??????????########### #?#?? | | ?????? ??# #?????????????# """G""" # % #???? | | ???#??#=??# #??##########?# """%"""%#=! #???? | | ??????#!#####+##### #?# [!!%= #=% #?#?? | | ???"??#%%!! ] " #?# """"""! +% #???? | | ??????#[!!% [ # #?# """""" # #???# | | ?"???##%% # #?# """""" # ####? | | ? + ^ ^ + ### """""" # #???? | | " ! ##^^^ ######## ### # #???? | | "?????# #?????## #?########### #???? | | ??????# #??###?# #?#?????????# #?#?? | | ??+???# #?????## #?#??????##?# #?#?? | | ?#????# #?#??#?#####+################ ##??# | | ?????## #??????#??# =%! ###?? | | ??????# ##??????#?# % #???# | | #? ???# ##+######????# ####### ##+####+#+##### | | ? ?? ?# ###### # # # | | ????####?# """" # ## # + # | | #??#???#?# """" + @ + ### """ """ """ | | ?????????# """" # ######## #?# """ """ """ | | ????????## """" #####??????# #?# """ """ """ | | ???????#?# #??????????#######?# | | ?????????########?????#???#????????############### | | ????????#?????????#?????#????#?#??????#??????????? | | ??????????#???????????##??????????? ?????????????? | | ??????????????????? ??#??? ?????????? ???????????? | | ???????????????????????????? ????????????????????? | | ??????????????? ?????? ??????????????????????????? | | ???????? ??? ????????????????????? ??????????????? | | ????????????????????????????????? ????????????#??? | | ????????????#????????????????????????????????????? | | ?????????????????????????????????????????????????? | | ???????????????????????????????????? ????????????? | | ?????????????????????????????????????????????????? | | ?????????????????????????????????????????????????? | | ?????????????????????????????????????????????????? | | ?????????????????????????????????????????????????? | | ?????????????????????????????????????????????????? | | ?????????????????????????????????????????????????? | | ?????????????????????????????????????????????????? | | ?????????????????????????????????????????????????? | | ?????????????????????????????????????????????????? | | ?????????????????????????????????????????????????? | +----------------------------------------------------+ Best States ------------- Heat Dissipation 48 Energy Generation 14 Energy Capacity 160 Matter Stores 300 Matter Capacity 300 Sight Range 16 Terrain Scan Range 16 Terrain Scan Density 10 Armor Coverage 375 Resistance: TH 10 Evasion (%) 40 Targeting Accuracy 5 Core Analysis 6 Recoil Reduction 2 Item Schematics ----------------- None Robot Schematics ------------------ None Fabricated ------------ H-55 Commando | x2 | -7/Factory | Preloaded Repaired ---------- Nothing Alien Tech Used ----------------- None Achievements -------------- My Command Is Your Wish Challenges ------------ None Game ------ Seed HelicalGyrokineticSpecial Manual? 0 Play Time 00:14:00 Cumulative 28.8 hours Start 2025.06.01 @ 04:30:40 End 2025.06.01 @ 04:41:49 Sessions 1 Manual Loads 0 Difficulty Rogue Special Mode None Game No. 161 Rogue 161 Adventurer 0 Explorer 0 Win Type - Total 0 Types 0/0/0/0/0/0/0/0/0/0 Lore% 7 Gallery% 22 Achievement% 18 Wizard Run 0 Options --------- Layout 0 ASCII 0 Keyboard 0 Movement Arrows Keybinds 0 Fullscreen 2 Font 24/Cog Map View 76x50 Zoom Use 0% Tactical HUD 1 Map Filters NONE Filters NONE Steam 1 RUN: 10587c62-1737-4a99-a5da-bf8bf1346561